Map: Ever Dream LE

Players

Cyanine - Winner!

  • Race: Terran Terran
  • League: Grandmaster
  • Spawn Location: 7:00

A.I. 1 (Very Easy)

  • Race: Terran Terran
  • Spawn Location: 1:00

VOD

Have the link to the VOD?

Description

Time

  • Played on: May 2, 2020, 9:20 a.m.
  • Length: 11:59
Show
View Real Time Build Order
Export as new Build Order

Cyanine Terran - Winner!

Build Orders: Reaper Expand 

Get SALT Encoding   

  12  0:00  SCV  
  13  0:13  SCV  
  14  0:16  Supply Depot  
  14  0:25  SCV  
  15  0:38  SCV  
  15  0:39  Barracks  
  16  0:43  Refinery  
  16  0:50  SCV  
  17  1:03  SCV  
  18  1:16  SCV  
  19  1:27  Reaper  
  19  1:29  Orbital Command  
  20  1:40  Command Center  
  20  1:48  Supply Depot  
  20  1:55  SCV  
  20  1:59  Marine  
  22  2:07  SCV  
  23  2:10  Factory  
  23  2:16  Bunker  
  23  2:19  SCV  
  23  2:21  Barracks Reactor  
  24  2:23  Refinery  
  24  2:31  SCV  
  25  2:43  SCV  
  26  2:52  Orbital Command  
  26  2:55  SCV, Starport, Refinery  
  26  2:57  Hellion  
  29  2:58  Marine  
  29  3:02  Marine  
  31  3:08  SCV  
  32  3:19  Factory Tech Lab  
  32  3:20  Marine x2  
  32  3:21  SCV x2  
  36  3:33  SCV x2  
  38  3:34  Starport Tech Lab  
  38  3:38  Marine x2, Cyclone  
  43  3:42  Supply Depot  
  43  3:45  SCV x2  
  45  3:57  SCV  
  46  4:03  Raven, SCV  
  46  4:07  Supply Depot  
  46  4:09  SCV  
  50  4:11  Cyclone  
  50  4:16  SCV  
  54  4:25  Command Center  
  54  4:29  SCV x2  
  56  4:34  Supply Depot  
  56  4:41  SCV x2  
  56  4:43  Barracks  
  58  4:46  Barracks  
  58  4:48  Raven  
  60  4:53  SCV x2  
  60  4:58  Engineering Bay x2  
  62  5:05  SCV, Refinery  
  62  5:06  Marine x2, SCV  
  66  5:08  Siege Tank  
  69  5:17  SCV  
  70  5:21  Supply Depot  
  70  5:26  Terran Infantry Armor Level 1, Terran Infantry Weapons Level 1  
  70  5:37  SCV x2  
  70  5:39  Orbital Command  
  70  5:40  Viking x2  
  70  5:42  Siege Tank  
  79  5:45  Marine, Stimpack  
  79  5:46  Marine  
  79  5:47  Marine  
  79  5:49  SCV  
  84  5:50  SCV  
  84  6:01  Barracks, SCV  
  84  6:02  Barracks, SCV  
  86  6:13  SCV, Barracks Reactor x2  
  86  6:14  Siege Tank, SCV  
  86  6:15  Viking  
  93  6:18  Orbital Command  
  93  6:35  Marine, Supply Depot  
  93  6:36  Supply Depot, SCV x2  
  96  6:46  SCV  
  97  6:48  SCV x2  
  97  6:49  Refinery  
  97  6:51  Refinery, Marine x2, Armory, Barracks Reactor x2  
  101  6:57  Siege Tank, Marine x3, Viking  
  101  6:58  SCV  
  101  6:59  Viking  
  112  7:02  SCV  
  112  7:03  SCV  
  112  7:06  Supply Depot  
  114  7:10  SCV  
  114  7:14  SCV  
  114  7:15  SCV  
  117  7:16  Factory  
  117  7:24  Combat Shield  
  117  7:27  Marine x4, SCV x3  
  117  7:28  Supply Depot  
  124  7:31  Supply Depot  
  124  7:39  SCV  
  125  7:49  Marine x7  
  125  7:50  SCV  
  133  7:52  Supply Depot  
  133  7:53  Siege Tank, Marine x2, SCV  
  133  7:55  Supply Depot  
  141  8:01  Command Center  
  141  8:03  Factory Tech Lab  
  141  8:07  SCV  
  141  8:08  Terran Infantry Weapons Level 2  
  141  8:09  Terran Infantry Armor Level 2  
  140  8:13  Medivac x2  
  140  8:14  Supply Depot  
  140  8:17  Sensor Tower  
  140  8:19  SCV  
  145  8:23  Sensor Tower  
  145  8:24  Supply Depot  
  145  8:25  Siege Tank  
  145  8:26  Siege Tank  
  151  8:28  Marine x2  
  151  8:29  Marine x4  
  157  8:36  Marine x3  
  157  8:38  Supply Depot  
  160  8:46  Terran Vehicle Weapons Level 1  
  160  8:52  Marine x4  
  160  8:53  Marine x4  
  168  8:57  Siege Tank  
  168  8:59  Supply Depot x3  
  168  9:00  Siege Tank, Marine  
  168  9:02  Medivac x2  
  179  9:11  SCV  
  179  9:12  SCV x2  
  182  9:19  Marine x3  
  182  9:20  Marine x2  
  182  9:23  Unknown  
  187  9:31  Marine x4  
  188  9:36  Medivac, Siege Tank x2  
  188  9:37  Barracks x3  
  199  9:38  Planetary Fortress  
  199  9:55  Sensor Tower  
  199  9:59  Command Center  
  199  10:26  Barracks Reactor x2  
  199  10:27  Barracks Reactor  
  199  10:30  Starport  
  199  10:32  Armory, Starport  
  199  10:33  Fusion Core  
  199  10:46  Command Center  
  199  10:49  Command Center  
  199  11:24  Starport Reactor x2  
Show
View Real Time Build Order
Export as new Build Order

A.I. 1 (Very Easy) Terran 

Build Orders: Reaper Expand 

Get SALT Encoding   

  12  0:00  SCV  
  13  0:13  SCV  
  14  0:18  Supply Depot  
  14  0:40  Barracks  
  14  1:02  Command Center  
  14  1:27  Marine  
  14  1:30  Orbital Command, Supply Depot  
  15  1:35  Refinery  
  15  1:48  Refinery  
  15  1:56  SCV  
  17  2:08  SCV  
  17  2:14  SCV  
  19  2:15  Reaper  
  19  2:21  SCV  
  20  2:28  SCV  
  21  2:35  SCV  
  22  2:38  Refinery  
  22  2:42  SCV  
  23  2:50  SCV  
  24  2:56  Marine  
  24  2:57  SCV  
  26  3:04  SCV  
  27  3:11  SCV  
  28  3:18  Factory  
  28  3:19  SCV  
  29  3:36  Marine  
  29  3:40  Refinery  
  30  3:42  SCV  
  31  3:50  SCV  
  31  3:55  Supply Depot  
  32  3:57  SCV  
  33  4:04  SCV  
  33  4:06  Starport  
  34  4:11  SCV  
  35  4:18  Reaper, SCV  
  37  4:25  SCV  
  38  4:33  SCV  
  38  4:36  Supply Depot  
  39  4:40  SCV  
  39  4:43  Starport Tech Lab  
  40  4:47  SCV  
  40  4:51  Barracks Tech Lab  
  41  4:54  SCV  
  42  5:01  SCV  
  42  5:02  Raven  
  45  5:08  Marine, SCV  
  47  5:16  SCV  
  48  5:45  Raven  
  48  5:49  Marine  
  51  6:30  Marauder  
  53  7:58  SCV  
  53  9:08  SCV  
  53  10:34  Factory Tech Lab, Medivac  
  55  10:36  Supply Depot  
  56  10:59  SCV  
  56  11:00  Supply Depot  
Tags
 
Add a new tag
Caveats
  • Supply blocks, unpowered buildings, or Contaminate may cause inaccurate times.
  • Supply counts are checked every 10 seconds.